 Dungeon Crawl Stone Soup version 0.26-a0-812-g31a745ddcd (webtiles) character file.

Game seed: 18040649930546913802

935 inmateoo the Chopper (level 7, -4/93 HPs)
             Began as a Minotaur Fighter on Nov 18, 2020.
             Slain by an orc warrior
             ... wielding a +0 trident
              (7 damage)
             ... on level 6 of the Dungeon.
             The game lasted 00:04:45 (4653 turns).

inmateoo the Chopper (Minotaur Fighter)             Turns: 4653, Time: 00:04:46

Health: -4/93      AC: 23    Str: 22    XL:     7   Next: 87%
Magic:  6/6        EV:  2    Int: 11    God:
Gold:   180        SH: 11    Dex: 16    Spells: 6/6 levels left

rFire    . . .     SeeInvis +   b - +0 mace "Yffathoe" {venom, rN++ SInv Stlth+} (curse)
rCold    . . .     Faith    .   c - +0 kite shield
rNeg     + + +     Spirit   .   (armour currently unavailable)
rPois    +         Reflect  .   (helmet currently unavailable)
rElec    .         Harm     .   (cloak currently unavailable)
rCorr    .         Rampage  .   (gloves currently unavailable)
MR       .....     NoTele   +   (boots currently unavailable)
Stlth    ++........             s - amulet of magic regeneration
HPRegen  0.25/turn              k - +6 ring of dexterity
MPRegen  0.35/turn              p - +6 ring of intelligence

@: tree-form
A: (retaliatory headbutt)
a: no special abilities


You were on level 6 of the Dungeon.
You were a tree.
You visited 2 branches of the dungeon, and saw 7 of its levels.

You collected 180 gold pieces.

Inventory:

Hand Weapons
 a - a +1 war axe
 b - the cursed +0 mace "Yffathoe" (weapon) {venom, rN++ SInv Stlth+}
   (You found it on level 4 of the Dungeon)

   It poisons the flesh of those it strikes.
   It greatly protects you from negative energy.
   It lets you see invisible.
   It makes you more stealthy.
   It has a curse placed upon it.
Missiles
 m - 8 silver javelins (quivered)
Armour
 c - a +0 kite shield (worn)
 o - a cursed +0 chain mail (melded)
Jewellery
 k - a +6 ring of dexterity (left branch)
 p - a +6 ring of intelligence (right branch)
 s - an amulet of magic regeneration (around neck)
 v - an uncursed ring of protection from cold {unknown}
Wands
 j - a wand of random effects (19)
 r - a wand of acid (11)
Scrolls
 l - 2 scrolls of teleportation
 u - a scroll of fear
Potions
 d - 2 potions of might
 e - 3 potions of curing {unknown}
 f - a potion of brilliance {unknown}
 g - a potion of attraction {unknown}
 h - a potion of invisibility
 i - a potion of mutation
 n - a potion of heal wounds
 q - a potion of lignification
 t - a potion of flight


   Skills:
 + Level 5.8 Fighting
 * Level 7.0 Axes
 + Level 5.8 Armour
 + Level 2.5 Dodging
 + Level 5.7 Shields


You had 6 spell levels left.
You didn't know any spells.
Your spell library contained the following spells:

 Spells                   Type           Power        Failure   Level
 Corona                   Hex            #......      75%         1
 Summon Small Mammal      Summ           #...         75%         1
 Call Imp                 Summ           #.......     87%         2
 Slow                     Hex            #.......     87%         2
 Call Canine Familiar     Summ           #.......     98%         3
 Inner Flame              Hex/Fire       #.......     98%         3
 Portal Projectile        Hex/Tloc       #.....       98%         3
 Summon Guardian Golem    Hex/Summ       #.......     98%         3
 Cause Fear               Hex            #.........   100%        4
 Leda's Liquefaction      Hex/Erth       #.........   100%        4
 Summon Ice Beast         Ice/Summ       #.......     100%        4
 Summon Lightning Spire   Summ/Air       #.......     100%        4


Dungeon Overview and Level Annotations

Branches:
Dungeon (6/15)             Temple (1/1) D:4

Altars:
Cheibriados
Dithmenos
Elyvilon
Fedhas
Gozag
Hepliaklqana
Kikubaaqudgha
Qazlal
Sif Muna
Trog
Uskayaw
Wu Jian
Yredelemnul
Zin
The Shining One


Innate Abilities, Weirdness & Mutations

((You reflexively headbutt those who attack you in melee.))
((You have a pair of horns on your head.))


Message History

You turn into a tree.
Your cursed +0 chain mail melds into your body.
Your roots penetrate the ground.
The orc priest hits you but does no damage.
Unknown command.
You sock the orc warrior!
The orc warrior is poisoned.
The orc warrior is moderately wounded.
The orc warrior hits you but does no damage.
The orc priest calls down the wrath of Beogh upon you.
Beogh smites you!
* * * LOW HITPOINT WARNING * * *
The orc priest calls upon Beogh to heal the orc warrior.
The orc warrior is healed somewhat.
The orc warrior hits you with a +0 trident!
* * * LOW HITPOINT WARNING * * *
You hit the orc priest but do no damage.
The orc priest is poisoned.
You block the orc wizard's attack. x2
The orc priest barely misses you.
The orc warrior hits you with a +0 trident!
You die...

.........# #......†.#..#
#.._..#.#.##.......#...##
##....#.. ..##.####....#
##...#..# #...######..##
....###.# #......##...#
#...###.# #...........###
....#...#####...#.........#
.#........#.#..##...†...###
###........o..o#♣o...##.#
#..........o.oo....####
#)######...##oo......#
..##≈≈≈≈#...#.##≈....##
####≈≈≈###...###≈≈≈≈#..#
≈≈≈≈≈≈≈≈≈#####≈≈≈≈###.##
≈≈#####≈≈≈≈≈≈≈≈≈###...# ≈≈#
###≈≈≈#####...###
≈≈###########..#.....#


You could see an orc warrior (very poisoned), an orc priest (very poisoned), an
orc wizard (fast) and 3 orcs.

Vanquished Creatures
  Menkaure (D:5)
  2 centaurs (D:5)
  A bullfrog (D:6)
  A howler monkey (D:5)
  A centaur zombie (D:5)
  A bullfrog skeleton (D:5)
  4 orc priests
  2 hounds
  3 orc wizards
  Ijyb (D:5)
  A worker ant zombie (D:6)
  3 adders
  A white imp (D:5)
  An ufetubus (D:5)
  3 adder skeletons
  4 worms
  3 dart slugs
  3 leopard geckos
  20 orcs
  A ball python (D:2)
  7 giant cockroaches
  A goblin (D:1)
  9 hobgoblins
  7 jackals
  8 kobolds
  A quokka (D:2)
  A ball python skeleton (D:4)
  10 bats
  3 frilled lizards
  9 rats
113 creatures vanquished.

Notes
Turn   | Place    | Note
-------+----------+-------------------------------------------
     0 | D:1      | inmateoo the Minotaur Fighter began the quest for the Orb.
     0 | D:1      | Reached XP level 1. HP: 19/19 MP: 0/0
   195 | D:1      | Reached XP level 2. HP: 20/27 MP: 1/1
   320 | D:1      | Reached skill level 3 in Axes
   691 | D:1      | Reached XP level 3. HP: 33/33 MP: 2/2
  1459 | D:2      | Reached XP level 4. HP: 37/40 MP: 3/3
  2134 | D:3      | You fall into a shaft and drop 1 floor!
  2139 | D:4      | Reached skill level 4 in Axes
  2145 | D:4      | Got a slimy mace
  2149 | D:4      | Identified the cursed +0 mace "Yffathoe" {venom, rN++ SInv
                  | Stlth+} (You found it on level 4 of the Dungeon)
  2222 | D:5      | Entered Level 5 of the Dungeon
  2317 | D:5      | Noticed a centaur
  2324 | D:5      | Killed a centaur
  2324 | D:5      | Reached XP level 5. HP: 15/47 MP: 4/4
  2478 | D:5      | Reached skill level 5 in Axes
  2735 | D:4      | Reached XP level 6. HP: 36/55 MP: 5/5
  2737 | D:4      | Reached skill level 5 in Armour
  2765 | D:4      | Reached skill level 5 in Fighting
  2917 | D:4      | Reached skill level 5 in Shields
  3245 | D:4      | Found a staircase to the Ecumenical Temple.
  3261 | Temple   | Entered the Ecumenical Temple
  3357 | D:5      | Noticed Menkaure
  3365 | D:5      | Killed Menkaure
  3365 | D:5      | Reached skill level 6 in Axes
  3365 | D:5      | Reached skill level 1 in Dodging
  3365 | D:5      | Reached XP level 7. HP: 6/61 MP: 6/6
  3805 | D:5      | Noticed Ijyb
  3815 | D:5      | Killed Ijyb
  3924 | D:5      | Found a hazy altar of Hepliaklqana.
  4589 | D:6      | Reached skill level 7 in Axes
  4592 | D:6      | Found an opulent altar of Gozag.
  4652 | D:6      | HP: 3/93 [orc warrior/+0 trident (11)]
  4653 | D:6      | Slain by an orc warrior

Illustrated notes

Levels and vault maps discovered:
D:1:      dpeg_arrival_erosion, layout_basic, minivault_11, minmay_cut_off
D:2:      layout_basic
D:3:      layout_basic, minmay_misc_feat_iff
D:4:      layout_basic, minmay_temple_entry_offerings
D:5:      layout_loops_ring, lemuel_coloured_pillars_altar, uniq_ijyb,
          uniq_menkaure
D:6:      layout_cave_pools, lightli_temple_of_fire, nicolae_gozag_seed_capital,
          serial_rivers, chequers_serial_rivers_room_b,
          chequers_serial_rivers_micro_b, chequers_serial_rivers_micro_c,
          chequers_serial_rivers_large_b, chequers_serial_rivers_micro_a,
          gup_sewer_entry_spiral
Temple:   cyrus_circular_temple

Skill      XL: |  1  2  3  4  5  6  7 |
---------------+----------------------+-----
Axes           | 3 4 5 6 7 |  7.0
Armour         | 4 5 |  5.8
Fighting       | 4 5 |  5.8
Shields        | 4 5 |  5.7
Dodging        | 1 2 |  2.5

Action                   |  1- 3 |  4- 6 |  7- 9 || total
-------------------------+-------+-------+-------++-------
Melee: War axe           |    90 |    30 |       ||   120
       Headbutt          |    14 |    28 |    14 ||    56
       Mace              |       |    75 |    77 ||   152
  Use: Scroll            |     5 |     2 |     8 ||    15
       Potion            |       |     1 |     1 ||     2
Armor: Scale mail        |    46 |    12 |       ||    58
       Chain mail        |       |    36 |    46 ||    82
       Skin              |       |       |     2 ||     2
Dodge: Dodged            |    37 |    23 |    21 ||    81
Block: Kite shield       |    45 |    55 |    57 ||   157

Table legend: (Time is in decaauts)
 A = Elapsed time spent in this place.
 B = Non-inter-level travel time spent in this place.
 C = Inter-level travel time spent in this place.
 D = Time resting spent in this place.
 E = Time spent auto-exploring this place.
 F = Levels seen in this place.
 G = Mean time per level.
                   A        B        C        D        E       F      G
               +--------+--------+--------+--------+--------+-----+--------+
         Total |   4781 |   4683 |     98 |   1393 |   2340 |   7 |  683.0 |
       Dungeon |   4725 |   4627 |     98 |   1393 |   2297 |   6 |  787.5 |
        Temple |     56 |     56 |      0 |      0 |     43 |   1 |   56.0 |
               +--------+--------+--------+--------+--------+-----+--------+

Top non-repeatable levels by time:
     D:5: 1674 daAuts
     D:1: 1027 daAuts
     D:2: 846 daAuts
     D:4: 671 daAuts
     D:3: 309 daAuts
     D:6: 196 daAuts
  Temple: 56 daAuts
